 Dungeon Crawl Stone Soup version 0.19-a0-1692-g68728bb (webtiles) character file.

65 Koti the Skirmisher (level 4, -3/29 HPs)
             Began as a Gargoyle Abyssal Knight on Sept 26, 2016.
             Was a Believer of Lugonu.
             Slain by a worm (6 damage)
             ... on level 2 of the Dungeon.
             The game lasted 00:02:40 (1031 turns).

Koti the Skirmisher (Gargoyle Abyssal Knight)       Turns: 1031, Time: 00:02:41

Health: -3/29      AC: 11    Str: 16    XL:     4   Next: 13%
Magic:  5/5        EV: 10    Int: 12    God:    Lugonu [**....]
Gold:   95         SH:  0    Dex: 10    Spells: 0 memorised, 3 levels left

rFire  . . .     SeeInvis +     j - +0 mace (holy)
rCold  . . .     Gourm    .     g - +0 ring mail
rNeg   + . .     Faith    .     (no shield)
rPois  ∞         Spirit   .     q - +0 helmet
rElec  +         Dismiss  .     (no cloak)
rCorr  .         Reflect  .     (no gloves)
MR     .....     Harm     .     (no boots)
Stlth  ..........               (no amulet)
                                (no ring)
                                m - ring of see invisible

@: flying
A: negative energy resistance 1, electricity resistance, unbreathing,
petrification resistance, rot immunity, AC +3
a: Depart the Abyss, Bend Space, Renounce Religion


You were on level 2 of the Dungeon.
You worshipped Lugonu.
Lugonu was pleased with you.
You were not hungry.

You visited 1 branch of the dungeon, and saw 2 of its levels.
You visited the Abyss 1 time.

You collected 95 gold pieces.

Inventory:

Hand Weapons
 a - a +1 mace
 j - a +0 mace of holy wrath (weapon)
Armour
 b - a +0 leather armour
 g - a +0 ring mail (worn)
 q - a +0 helmet (worn)
Jewellery
 m - a ring of see invisible (left hand)
Scrolls
 e - a scroll of identify {unknown}
 h - 2 scrolls of teleportation {unknown}
 i - a scroll of blinking {unknown}
 k - a scroll of enchant armour {unknown}
 l - a scroll of fear {unknown}
 o - a scroll of amnesia {unknown}
Potions
 n - a potion of degeneration {unknown}
Comestibles
 c - a bread ration
 d - 3 meat rations
 p - 21 chunks of flesh


   Skills:
 + Level 3.8 Fighting
 + Level 3.2 Maces & Flails
 + Level 2.6 Armour
 + Level 1.1 Dodging
 * Level 2.2 Invocations


You had 3 spell levels left.
You didn't know any spells.

Dungeon Overview and Level Annotations

Branches:
Dungeon (2/15)

Altars:


Innate Abilities, Weirdness & Mutations

You are resistant to torment.
Your stone body is resilient. (AC +3)
You are immune to poison.
You resist negative energy. (rN+)
You are resistant to electric shocks. (rElec)
You can survive without breathing.
You are immune to petrification.
You are immune to rotting.


Message History

The worm is moderately wounded.
The worm bites you.
You hit the worm but do no damage.
The worm is lightly wounded.
The worm bites you.
You hit the worm.
The worm is moderately wounded.
The goblin hits you.
You hit the worm.
The worm is heavily wounded.
The goblin hits you.
* * * LOW HITPOINT WARNING * * *
The worm bites you.
* * * LOW HITPOINT WARNING * * *
The goblin hits you but does no damage.
You are too injured to fight recklessly!
It was a potion of flight.
You feel very buoyant.
You fly up into the air.
The worm bites you.
You die...

### ##+# #.. ##..)## # #.#
..##.....## ## .# #.####
#.........## ##.#.# #.##.#
#........(####...###.#####>#...
+.........'...@w..#............
#.........####g.......####.#...
#.......## ##.###.#. #.##.#
##.....## .# #..### ##...## .#
##.# ##)## .# #.# #.# .# #.#
#.# .. #.# ##.## #.#


You could see a worm and a goblin.

Vanquished Creatures
  Robin (D:2)
  A dart slug (D:1)
  A leopard gecko (D:2)
  5 bats
  2 giant cockroaches
  14 goblins
  8 hobgoblins
  3 jackals (D:2)
  A ball python (D:2)
  3 frilled lizards
  A kobold (D:2)
  4 rats
44 creatures vanquished.

Notes
Turn   | Place    | Note
-------+----------+-------------------------------------------
     0 | Abyss:1  | Koti the Gargoyle Abyssal Knight began the quest for the Orb.
     0 | Abyss:1  | Reached XP level 1. HP: 14/14 MP: 2/2
    50 | Abyss:1  | Found a corrupted altar of Lugonu.
    63 | Abyss:1  | Noticed a chaos spawn
    64 | D:1      | Escaped the Abyss
    93 | D:1      | Reached * piety under Lugonu
   104 | D:1      | Reached XP level 2. HP: 17/20 MP: 3/3
   534 | D:2      | Reached XP level 3. HP: 22/24 MP: 4/4
   693 | D:2      | Reached skill level 1 in Dodging
   957 | D:2      | Noticed Robin
   977 | D:2      | Reached ** piety under Lugonu
   989 | D:2      | Killed Robin
   989 | D:2      | Reached XP level 4. HP: 15/29 MP: 5/5
  1031 | D:2      | Slain by a worm

Vault maps used:
D:1:      eino_arrival_water_star
D:2:      lemuel_doored_altar, minmay_tetromino_l2, uniq_robin

Skill      XL: |  1  2  3 |
---------------+----------+-----
Dodging        | 1 |  1.1
Maces & Flails | 3 |  3.2
Fighting       | |  3.8
Armour         | |  2.6
Invocations    | |  2.2

Action                   |  1- 3 |  4- 6 || total
-------------------------+-------+-------++-------
Melee: Mace              |   129 |    11 ||   140
Invok: Depart the Abyss  |     1 |       ||     1
  Use: Potion            |       |     1 ||     1
  Eat: Chunk             |       |     1 ||     1
Armor: Leather armour    |     7 |       ||     7
       Ring mail         |    56 |     8 ||    64
Dodge: Dodged            |    92 |     3 ||    95
